 Dungeon Crawl Stone Soup version 0.28-a0-413-gde365fb1df (webtiles) character file.

Game seed: 8554205688903132742

85 Sweetruy1997 the Sneak (level 4, 0/24 HPs)
             Began as a Kobold Enchanter on Sept 7, 2021.
             Succumbed to a scorpion's poison
             ... on level 4 of the Dungeon.
             The game lasted 00:08:49 (3594 turns).

Sweetruy1997 the Sneak (Kobold Enchanter)           Turns: 3594, Time: 00:08:50

Health: 0/24       AC:  3    Str:  6    XL:     4   Next: 75%
Magic:  3/8        EV: 14    Int: 16    God:
Gold:   119        SH:  0    Dex: 15    Spells: 0/8 levels left

rFire   . . .      SeeInvis .   a - +1 dagger
rCold   . . .      Faith    .   (shield restricted)
rNeg    . . .      Spirit   .   o - +0 leather armour
rPois   .          Reflect  .   (no helmet)
rElec   .          Harm     .   (no cloak)
rCorr   .          Rampage  .   (no gloves)
Will    .....                   (no boots)
Stlth   ++++......              (no amulet)
HPRegen 0.08/turn               (no ring)
MPRegen 0.11/turn               (no ring)

@: lethally poisoned (0 -> -7), very slightly contaminated
A: small, no large weapons, nightstalker 3
a: no special abilities


You were on level 4 of the Dungeon.
You visited 1 branch of the dungeon, and saw 4 of its levels.

You collected 119 gold pieces.

Inventory:

Hand Weapons
 a - a +1 dagger (weapon)
Armour
 o - a +0 leather armour (worn)
Jewellery
 b - an amulet of faith
Wands
 k - a wand of mindburst (25)
Scrolls
 f - 2 scrolls of acquirement {unknown}
 h - a scroll of blinking {unknown}
 l - a scroll of vulnerability {unknown}
 m - a scroll of torment {unknown}
 n - a scroll of identify {unknown}
Potions
 c - a potion of invisibility
 d - a potion of flight {unknown}
 e - a potion of mutation {unknown}
 g - a potion of heal wounds {unknown}
 i - a potion of berserk rage {unknown}
 j - a potion of attraction {unknown}


   Skills:
 + Level 2.2 Short Blades
 + Level 2.7 Dodging
 + Level 5.5 Stealth
 + Level 2.6 Spellcasting
 + Level 3.3 Hexes
 + Level 0.8 Ice Magic


You couldn't memorise any spells.
You knew the following spells:

 Your Spells              Type           Power      Damage    Failure   Level
a - Ensorcelled Hibernat  Hex/Ice        16%        N/A       19%         2
b - Tukima's Dance        Hex            12%        N/A       22%         3
c - Confusing Touch       Hex            12%        N/A       22%         3

Your spell library contained the following spells:

 Spells                   Type           Power      Damage    Failure   Level
 Dazzling Flash           Conj/Hex       14%        N/A       41%         3
 Frozen Ramparts          Ice            8%         1d2       54%         3
 Ice Form                 Ice/Tmut       3%         N/A       94%         4
 Summon Ice Beast         Ice/Summ       3%         N/A       94%         4


Dungeon Overview and Level Annotations

Branches:
Dungeon (4/15)
 Temple: D:4-7

Altars:
Fedhas

Annotations:
D:4 Natasha


Innate Abilities, Weirdness & Mutations

You are small and have problems with some larger weapons.
You are completely attuned to the shadows.


Message History

Found a quarterstaff.
You see here a +0 quarterstaff.
A kobold comes into view.
It is wielding a +2 short sword of speed.
A hobgoblin comes into view.
The helpless kobold fails to defend itself.
You impale the kobold!!
You kill the kobold!
No target in view!
b - an amulet of faith A hobgoblin is nearby!
The hobgoblin shouts!
You hear an angry hiss.
You hear a shout! x2
A scorpion comes into view.
The hobgoblin looks drowsy...
An endoplasm and Natasha come into view.
Natasha casts a spell.
The scorpion stings you but does no damage.
The hobgoblin shouts!
You barely miss the scorpion.
You hear a shout!
The scorpion stings you.
Natasha drinks a potion.
Natasha seems to grow stronger.
The hobgoblin barely misses you.
You miscast Ensorcelled Hibernation.
You are very lightly contaminated with residual magic.
Nothing appears to happen.
The scorpion stings you.
The scorpion resists with some effort.
The scorpion barely misses you.
The endoplasm jiggles.
The scorpion stings you!
You are lethally poisoned!
The scorpion poisons you!
You are too injured to fight recklessly!
You barely miss the scorpion.
* * * LOW HITPOINT WARNING * * *
You feel very sick. The scorpion barely misses you.
The endoplasm jiggles.
* * * LOW HITPOINT WARNING * * *
You feel very sick.
* * * LOW HITPOINT WARNING * * *
You feel sick.
You die...

# ..P... #
...... # #.#
#...P.. #
#.##### #.#hJ..5
#.##......
#.#g#..
#........
#.#.#.#)#
####...#
#.#.#s#.#
.......#
#.#.....#
######<#
#.###@###
#....#.# #.....#
#......#
###.#####
###.#### #..)..#
........ #.#.#.#
###.######.#.#.#
#......#.#.# .
######.#.#.# ..
#.#[#.#


You could see a scorpion and a hobgoblin.

Vanquished Creatures
  2 adders
  A worm (D:2)
  5 orcs
  4 endoplasms
  3 giant cockroaches
  5 goblins
  4 hobgoblins
  4 jackals (D:3)
  7 kobolds
  2 quokkas
  5 ball pythons
  6 bats
  4 frilled lizards
  6 rats
58 creatures vanquished.

Vanquished Creatures (others)
  A fungus (D:4)
1 creature vanquished.

Grand Total: 59 creatures vanquished

Notes
Turn   | Place    | Note
-------+----------+-------------------------------------------
     0 | D:1      | Sweetruy1997 the Kobold Enchanter began the quest for the
                  | Orb.
     0 | D:1      | Reached XP level 1. HP: 10/10 MP: 3/3
   318 | D:1      | Reached XP level 2. HP: 15/15 MP: 5/5
   331 | D:1      | Learned a level 2 spell: Ensorcelled Hibernation
  1573 | D:2      | Found a faded altar of an unknown god.
  1585 | D:2      | Reached XP level 3. HP: 19/19 MP: 6/6
  1589 | D:2      | Learned a level 3 spell: Tukima's Dance
  2252 | D:3      | Reached skill level 5 in Stealth
  2254 | D:3      | Reached XP level 4. HP: 24/24 MP: 7/7
  2262 | D:3      | Learned a level 3 spell: Confusing Touch
  3089 | D:3      | Found a blossoming altar of Fedhas.
  3584 | D:4      | Noticed a scorpion
  3586 | D:4      | Noticed Natasha
  3593 | D:4      | HP: 1/24 [poisoned by a scorpion]
  3594 | D:4      | Succumbed to a scorpion's poison

Illustrated notes

Levels and vault maps discovered:
D:1:      wander_arrival_fairy_ring, layout_loops_ring
D:2:      layout_rooms, hellmonk_ecumenical_altar_crossroads, kennysheep_path_1,
          supply_closet_lemuel
D:3:      layout_loops_ring, fedhas_altar_4, minmay_hedge_maze
D:4:      layout_basic, mainiacjoe_overflow_six_doors_small,
          minmay_misc_feat_square, minmay_misc_feat_nine_boxes,
          minmay_misc_feat_plants, minivault_19, uniq_natasha

Skill      XL: |  1  2  3 |
---------------+----------+-----
Short Blades   | 2 |  2.2
Stealth        | 5 |  5.5
Dodging        | |  2.7
Spellcasting   | |  2.6
Hexes          | |  3.3
Ice Magic      | |  0.8

Action                   |  1- 3 |  4- 6 || total
-------------------------+-------+-------++-------
Melee: Dagger            |    72 |    23 ||    95
 Cast: Ensorcelled Hiber |    19 |    11 ||    30
       Tukima's Dance    |       |     1 ||     1
 Stab: Sleeping          |    32 |    20 ||    52
Armor: Robe              |     7 |     1 ||     8
       Leather armour    |       |     1 ||     1
Dodge: Dodged            |    29 |     8 ||    37

Table legend: (Time is in decaauts)
 A = Elapsed time spent in this place.
 B = Non-inter-level travel time spent in this place.
 C = Inter-level travel time spent in this place.
 D = Time resting spent in this place.
 E = Time spent auto-exploring this place.
 F = Levels seen in this place.
 G = Mean time per level.
                   A        B        C        D        E       F      G
               +--------+--------+--------+--------+--------+-----+--------+
         Total |   3586 |   3476 |    110 |    505 |   2576 |   4 |  896.5 |
       Dungeon |   3586 |   3476 |    110 |    505 |   2576 |   4 |  896.5 |
               +--------+--------+--------+--------+--------+-----+--------+

Top non-repeatable levels by time:
     D:1: 1214 daAuts
     D:3: 1107 daAuts
     D:2: 984 daAuts
     D:4: 281 daAuts
